 Dungeon Crawl Stone Soup version 0.27.1-3-gb3d3a73c9e (webtiles) character file.

Game seed: 11902360512569222029

308 horus123 the Covered (level 6, -1/53 HPs)
             Began as a Hill Orc Abyssal Knight on Oct 26, 2021.
             Was a Believer of Lugonu.
             Slain by a gnoll sergeant (3 damage)
             ... on level 3 of the Dungeon.
             The game lasted 00:08:35 (3792 turns).

horus123 the Covered (Hill Orc Abyssal Knight)      Turns: 3792, Time: 00:08:36

Health: -1/53      AC: 11    Str: 17    XL:     6   Next: 40%
Magic:  8/8        EV: 10    Int: 12    God:    Lugonu [**....]
Gold:   139        SH:  4    Dex: 10    Spells: 5/5 levels left

rFire    . . .     SeeInvis .   a - +1 hand axe
rCold    . . .     Faith    .   f - +0 buckler
rNeg     . . .     Spirit   .   i - +4 ring mail
rPois    .         Reflect  .   (no helmet)
rElec    .         Harm     .   (no cloak)
rCorr    .         Rampage  .   (no gloves)
Will     .....                  d - +0 pair of boots
Stlth    ..........             (no amulet)
HPRegen  0.17/turn              h - ring of wizardry
MPRegen  0.11/turn              (no ring)

@: hasted, very quick
A: no striking features
a: Renounce Religion, Depart the Abyss, Bend Space


You were on level 3 of the Dungeon.
You worshipped Lugonu.
Lugonu was pleased with you.
You visited 1 branch of the dungeon, and saw 3 of its levels.
You visited the Abyss 1 time.

You collected 167 gold pieces.
You spent 28 gold pieces at shops.

Inventory:

Hand Weapons
 a - a +1 hand axe (weapon)
Armour
 b - a +0 leather armour
 d - a +0 pair of boots (worn)
 f - a +0 buckler (worn)
 i - a +4 ring mail (worn)
Jewellery
 h - a ring of wizardry (left hand)
Potions
 c - a potion of mutation
 e - a potion of lignification
 g - a potion of haste


   Skills:
 * Level 4.6 Fighting
 - Level 3.2 Axes
 + Level 5.4 Armour
 - Level 1.0 Dodging
 * Level 2.9 Shields
 - Level 2.8 Invocations


You had 5 spell levels left.
You didn't know any spells.
Your spell library contained the following spells:

 Spells                   Type           Power      Damage    Failure   Level
 Inner Flame              Hex/Fire       0%         N/A       58%         3
 Cause Fear               Hex            0%         N/A       92%         4
 Discord                  Hex            0%         N/A       100%        8


Dungeon Overview and Level Annotations

Branches:
Dungeon (3/15)

Altars:

Shops:
D:2 ?


Message History

You hit the gnoll sergeant but do no damage.
The gnoll sergeant is moderately wounded.
You barely miss the orc. The orc hits you but does no damage.
The gnoll barely misses you.
You hit the gnoll sergeant but do no damage.
The gnoll sergeant is moderately wounded.
You barely miss the orc. The gnoll sergeant barely misses you.
The orc hits you but does no damage.
The gnoll hits you from afar with a +0 halberd!
You hit the gnoll sergeant.
The gnoll sergeant is heavily wounded.
You barely miss the orc.
The gnoll sergeant hits you with a +0 spear!
* * * LOW HITPOINT WARNING * * *
You hit the gnoll sergeant but do no damage.
The gnoll sergeant is heavily wounded.
You hit the orc. The orc hits you but does no damage.
The gnoll hits you from afar with a +0 halberd!
* * * LOW HITPOINT WARNING * * *
You hit the gnoll sergeant but do no damage.
The gnoll sergeant is heavily wounded.
You barely miss the orc. You block the gnoll sergeant's attack.
The orc hits you but does no damage. The gnoll closely misses you.
You completely miss the gnoll sergeant.
The gnoll sergeant is heavily wounded.
You hit the orc.
You kill the orc!
Lugonu accepts your kill. The gnoll sergeant closely misses you.
The gnoll barely misses you.
Okay, then.
Okay, then.
Cleave: a) +1 hand axe
Press: ? - help, Dir - move target, f - gnoll
Aim: a gnoll, wielding a +0 hand axe and wearing a +0 leather armour (about 35% to evade your +1 hand axe)
Okay, then.
You hit the gnoll sergeant but do no damage.
The gnoll sergeant is heavily wounded.
You hit the gnoll.
The gnoll sergeant hits you with a +0 spear.
You die...

.. ..###### #'#(...+
#.#....###+##### #.#....#$#......
#.###'##(#g..... #......#@#og....
#......'gggo....
#.#######################
#.#)..........#....#.....
#))))...).....'....'.....
...P≈≈###'#...........#).))#.....
....≈≈#...#############)')'######
....≈≈#...#......................
....≈≈#####≈≈≈≈≈≈≈≈≈≈≈≈....≈≈≈≈≈≈


You could see a gnoll sergeant, 4 gnolls and 2 orcs.

Vanquished Creatures
  A phantom (D:3)
  4 adders
  11 gnolls (D:3)
  2 worms
  14 orcs (D:3)
  4 ball pythons
  2 bats (D:1)
  4 endoplasms
  3 giant cockroaches
  6 hobgoblins
  6 jackals
  7 kobolds
  3 quokkas (D:1)
  A frilled lizard (D:1)
  5 goblins
  5 rats
78 creatures vanquished.

Vanquished Creatures (others)
  2 plants (D:2)
2 creatures vanquished.

Grand Total: 80 creatures vanquished

Notes
Turn   | Place    | Note
-------+----------+-------------------------------------------
     0 | Abyss:1  | horus123 the Hill Orc Abyssal Knight began the quest for
                  | the Orb.
     0 | Abyss:1  | Reached XP level 1. HP: 19/19 MP: 2/2
    52 | Abyss:1  | Noticed a large abomination
    52 | Abyss:1  | Noticed a spatial vortex
    53 | D:1      | Escaped the Abyss
   217 | D:1      | Reached XP level 2. HP: 27/27 MP: 3/3
   282 | D:1      | Reached * piety under Lugonu
   774 | D:1      | Reached XP level 3. HP: 31/34 MP: 5/5
  1211 | D:2      | Found Muhemah's Magic Scroll Shop.
  1220 | D:2      | Bought a scroll of identify for 28 gold pieces
  1938 | D:2      | Reached skill level 3 in Armour
  1959 | D:2      | Reached XP level 4. HP: 31/41 MP: 6/6
  2089 | D:2      | Found a faded altar of an unknown god.
  2120 | D:2      | Reached skill level 1 in Dodging
  2120 | D:2      | Reached skill level 1 in Shields
  2868 | D:3      | Noticed a phantom
  2894 | D:3      | Killed a phantom
  2894 | D:3      | Reached ** piety under Lugonu
  2895 | D:3      | Reached skill level 4 in Armour
  2895 | D:3      | Reached XP level 5. HP: 24/47 MP: 7/7
  3432 | D:3      | Reached skill level 5 in Armour
  3432 | D:3      | Reached XP level 6. HP: 45/53 MP: 8/8
  3789 | D:3      | HP: 2/53 [gnoll (8)]
  3792 | D:3      | Slain by a gnoll sergeant

Illustrated notes

Levels and vault maps discovered:
D:1:      mrwooster_arrival_statue, layout_basic, kennysheep_crisscross,
          serial_park_tiny_2
D:2:      layout_loops_ring, serial_shops, shop, shapermc_ecumenical_altar_venn,
          serial_forest, infiniplex_forest_straight_3,
          infiniplex_forest_lined_ring, infiniplex_forest_end_1,
          infiniplex_forest_clump_C, infiniplex_forest_straight_3,
          infiniplex_forest_clump_medium, infiniplex_forest_clump_tiny,
          infiniplex_forest_end_2
D:3:      lemuel_castle_with_subvaults [lemuel_castle_interior_carwin_1],
          layout_basic, chequers_hall_statues_wall_a

Skill      XL: |  1  2  3  4  5 |
---------------+----------------+-----
Fighting       | 4 |  4.6
Axes           | 3 |  3.2
Armour         | 3 4 5 |  5.4
Dodging        | 1 |  1.0
Shields        | 2 |  2.9
Invocations    | |  2.8

Action                   |  1- 3 |  4- 6 || total
-------------------------+-------+-------++-------
Melee: Hand axe          |   122 |   223 ||   345
Invok: Depart the Abyss  |     1 |       ||     1
  Use: Scroll            |     1 |       ||     1
       Potion            |       |     2 ||     2
Armor: Leather armour    |     2 |       ||     2
       Chain mail        |    69 |    37 ||   106
       Skin              |       |     6 ||     6
       Ring mail         |       |    61 ||    61
Dodge: Dodged            |    33 |    90 ||   123
Block: Buckler           |     9 |    47 ||    56
